[Event "Late-Titled-Tuesday-Blitz-April-16-2024"]
[Site "Chess.com"]
[Date "2024.04.16"]
[Round "2"]
[White "rionelG"]
[Black "FMYiLiu"]
[Result "0-1"]
[WhiteElo "2185"]
[BlackElo "2475"]
[TimeControl "180+1"]
[EndTime "14:16:58 PDT"]
[Termination "FMYiLiu won by resignation"]

1. e4 e6 2. d4 d5 3. Nd2 c5 4.
Ngf3 cxd4 5. Nxd4 Nc6 6. Bb5 Bd7 7. Nxc6 bxc6 8. Bd3 Ne7 9. O-O Ng6 10. c3 Be7 11. Qe2 Nf4 12. Qe3 Nxd3 13. Qxd3 O-O 14. c4 dxe4 15. Nxe4 Qc7 16. Be3 Rad8 17. Qc2 c5 18.
Rad1 f5 19. Nc3 f4 20. Bc1 f3 21. Rfe1 fxg2 22. Qe4 Bf6 23. Bf4 Qb6 24. Bg3 Qxb2 25.
Rxd7 Rxd7 26. Qxe6+ Rdf7 27. Nd5 Kh8 28. Bd6 Bd4 29. Qxf7 Bxf2+ 30. Kxg2 Bxe1+ 31. Kh3 Rxf7 0-1

[Event "Late-Titled-Tuesday-Blitz-April-16-2024"]
[Site "Chess.com"]
[Date "2024.04.16"]
[Round "2"]
[White "PepeCuenca"]
[Black "Nick12772"]
[Result "1-0"]
[WhiteElo "2813"]
[BlackElo "2406"]
[TimeControl "180+1"]
[EndTime "14:17:00 PDT"]
[Termination "PepeCuenca won by resignation"]

1. d4 Nf6 2. Bf4 c5 3. dxc5 Na6 4. Qd4 Qa5+ 5. c3 Qxc5 6. e3 Qxd4 7. exd4 e6 8. Nd2 Be7 9. Nc4 O-O 10. Nf3 b6 11. Nd6 Nb8 12. Nxc8 Rxc8 13. Bd3 d5 14. O-O Nc6 15.
Ba6 Na5 16. Bxc8 Rxc8 17. Nd2 b5 18. a3 Nc4 19. Nxc4 bxc4 20. Bg5 Rb8 21. Bxf6 gxf6 22. Rab1 a5 23. Rfe1 a4 24. Kf1 Kg7 25. Ke2 Kg6 26. Kd2 f5 27. Kc2 h5 28. Re3 Bg5 29. Rf3 Be7 30.
Rg3+ Kh6 31. Re1 Bd6 32. Rf3 Rg8 33. g3 Rb8 34. h3 Kg5 35. Rfe3 Rg8 36. Rf3 Kh6 37. Re2 Rg6 38. Kd1 Rg8 39. Ke1 Rg6 40.
Kf1 Rg8 41. Kg2 Rg6 42. Re1 Rg8 43. Rfe3 Rg6 44. Rg1 Rg8 45. Kf3 Rb8 46. Re2 Rg8 47.
g4 fxg4+ 48. hxg4 h4 49. Re3 Kg5 50. Kg2 Rh8 51. Kh3 Rb8 52. Re2 Rh8 53. Rge1 Kg6 54.
Rf1 Bf4 55. Rg1 Rh7 56. Kg2 Rh8 57. Kf3 Rh7 58. Kxf4 Kf6 59. Rh1 Kg6 60. f3 Kf6 61. Reh2 1-0

[Event "Late-Titled-Tuesday-Blitz-April-16-2024"]
[Site "Chess.com"]
[Date "2024.04.16"]
[Round "2"]
[White "ferdipy"]
[Black "Manukyan_Artak"]
[Result "1/2-1/2"]
[WhiteElo "2305"]
[BlackElo "2502"]
[TimeControl "180+1"]
[EndTime "14:17:03 PDT"]
[Termination "Game drawn by repetition"]

1. e4 c6 2. d4 d5 3. exd5 cxd5 4. Bd3 Nc6 5. c3 e5 6. dxe5 Nxe5 7. Bb5+ Nc6 8. Qe2+ Qe7 9. Be3 Nf6 10. Nf3 Bg4 11. Nbd2 Ne4 12. O-O-O Nxd2 13. Qxd2 O-O-O 14. Rde1 Bxf3 15. gxf3 Qf6 16. Bg5 Qxf3 17. Bxd8 Kxd8 18. Rhg1 Bd6 19. Kb1 Bf4 20. Qc2 g6 21. h3 Re8 22.
Rxe8+ Kxe8 23. Re1+ Kf8 24. Qe2 Qxh3 25. Qe8+ Kg7 26.
Bxc6 bxc6 27. Qxc6 Bd2 28. Rd1 Qd3+ 29. Ka1 Qc2 30. Rb1 d4 31. c4 d3 32. Qe4 Bc3 33. bxc3 Qxc3+ 34. Rb2 Qc1+ 35. Rb1 Qc3+ 36. Rb2 Qc1+ 37.
Rb1 Qc3+ 1/2-1/2

[Event "Late-Titled-Tuesday-Blitz-April-16-2024"]
[Site "Chess.com"]
[Date "2024.04.16"]
[Round "2"]
[White "rdarruda"]
[Black "LUISMIGUELOV"]
[Result "1-0"]
[WhiteElo "2543"]
[BlackElo "2177"]
[TimeControl "180+1"]
[EndTime "14:17:04 PDT"]
[Termination "rdarruda won on time"]

1. Nf3 d5 2. d4 Bg4 3. e3 c6 4. c4 e6 5. Nbd2 Bxf3 6. Nxf3 f5 7. b3 Bb4+ 8. Bd2 Bxd2+ 9. Qxd2 a5 10. Bd3 Nf6 11.
O-O Ne4 12. Qc2 O-O 13. Ne5 Nd7 14. Nxd7 Qxd7 15. f3 Nf6 16. Rad1 h6 17. Kh1 Rae8 18. Qd2 Qc7 19. Rfe1 b6 20. h3 Qg3 21. Kg1 e5 22. Bxf5 exd4 23. exd4 Rxe1+ 24. Rxe1 dxc4 25. bxc4 Rd8 26. Rd1 Nh5 27. Qf2 Qf4 28. Bg4 Nf6 29.
Be6+ Kh8 30. Qd2 Qg3 31. d5 cxd5 32. cxd5 Qd6 33. Qe3 b5 34. Qd4 b4 35. Qc4 a4 36.
Rb1 Rb8 37. Qc6 Rd8 38. Qxd6 Rxd6 39. Rxb4 Nxd5 40. Bxd5 Rxd5 41. Rxa4 Rd2 42. h4 Kh7 43. h5 Rb2 44. Ra5 Rc2 45. Kh2 Rb2 46. Kh3 Rb4 47. g4 Rb1 48. Kg3 Rg1+ 49. Kf4 1-0

[Event "Late-Titled-Tuesday-Blitz-April-16-2024"]
[Site "Chess.com"]
[Date "2024.04.16"]
[Round "2"]
[White "soloderisas"]
[Black "DenLaz"]
[Result "0-1"]
[WhiteElo "2665"]
[BlackElo "3111"]
[TimeControl "180+1"]
[EndTime "14:17:06 PDT"]
[Termination "DenLaz won by resignation"]

1. d4 f5 2. Nf3 Nf6 3. Bf4 g6 4. e3 Bg7 5. Be2 O-O 6. O-O d6 7. h3 Nc6 8. c4 Ne4 9. Nc3 e5 10. Bh2 Nxc3 11. bxc3 Qe7 12. Rb1 Kh8 13. Qa4 Bd7 14.
Qa3 e4 15. Nd2 b6 16. c5 bxc5 17. dxc5 Be5 18. cxd6 Bxh2+ 19. Kxh2 cxd6 20. Nc4 d5 21. Qxe7 Nxe7 22. Rb7 dxc4 23. Rxd7 Nc6 24. Bxc4 Ne5 25. Rd4 Rac8 26. Bb3 Rxc3 27. Ra4 Rc7 28. f3 exf3 29. gxf3 Rd8 30. e4 f4 31. Rf2 Rd3 32. Kg2 Kg7 33. Bd5 Kh6 34. h4 Rcc3 35. Rxa7 Nxf3 36. Bg8 Nxh4+ 37.
Kf1 f3 38. Rh2 Rc1+ 39. Kf2 Rd2+ 40. Kg3 Rxh2 41. Kxh2 f2 42. Rxh7+ Kg5 43. Rf7 f1=Q 44. Rxf1 Rxf1 45. Kg3 Rf3+ 46. Kh2 Re3 47. Bd5 Kg4 0-1

[Event "Late-Titled-Tuesday-Blitz-April-16-2024"]
[Site "Chess.com"]
[Date "2024.04.16"]
[Round "2"]
[White "JackRodgers"]
[Black "AlainBruxelles"]
[Result "0-1"]
[WhiteElo "2519"]
[BlackElo "2353"]
[TimeControl "180+1"]
[EndTime "14:17:06 PDT"]
[Termination "AlainBruxelles won on time"]

1. d4 d5 2. Bg5 Nd7 3. e3 Ngf6 4. Nd2 e6 5. Ngf3 Be7 6. Bd3 c5 7. c3 Qb6 8. Rb1 cxd4 9. exd4 O-O 10. O-O h6 11.
Bxf6 Nxf6 12. Ne5 Nd7 13. f4 Nxe5 14. fxe5 f6 15. exf6 Bxf6 16. Nf3 e5 17. Be2 e4 18. Ne1 Bd7 19. Nc2 Bg5 20. g3 Rxf1+ 21. Kxf1 Bh3+ 22. Kg1 Rf8 23. Nb4 Qf6 24. Qe1 Be3+ 25. Kh1 Qf2 26. Qxf2 Rxf2 27. Nxd5 Rxe2 28. Nxe3 Rxe3 29. Rd1 Re2 30.
d5 Kf8 31. c4 Ke7 32. b4 Rxa2 33. c5 e3 34. Re1 e2 35. Kg1 Rd2 36. d6+ Kd7 37.
Kf2 Bf1 38. b5 Rd5 39. Rc1 Rd1 40. c6+ Kxd6 41. cxb7 e1=Q+ 42. Kf3 Qe2+ 43. Kf4 Rd4+ 44. Kf5 Qe5+ 45. Kg6 Bd3+ 46. Kf7 Qe7+ 47. Kg8 Qxb7 0-1

[Event "Late-Titled-Tuesday-Blitz-April-16-2024"]
[Site "Chess.com"]
[Date "2024.04.16"]
[Round "2"]
[White "Korchmar_Vasiliy"]
[Black "RianKapriaga"]
[Result "1-0"]
[WhiteElo "2705"]
[BlackElo "2297"]
[TimeControl "180+1"]
[EndTime "14:17:07 PDT"]
[Termination "Korchmar_Vasiliy won on time"]

1. e4 c6 2. d4 d5 3. exd5 cxd5 4. Bd3 Nc6 5. c3 Nf6 6. h3 g6 7. Nf3 Bf5 8. O-O Bg7 9. Bxf5 gxf5 10. Bf4 O-O 11.
Nbd2 e6 12. Ne1 Kh8 13. Nd3 Ne4 14. f3 Nd6 15. Qe2 Rg8 16. Kh2 Ne7 17. Kh1 Ng6 18. Bh2 Bf6 19. a4 Rc8 20. a5 Nc4 21. Nxc4 dxc4 22.
Nc5 b6 23. axb6 axb6 24. Nb7 Qd7 25. Nd6 Nh4 26. Nxc8 Qxc8 27. Be5 Qd8 28. Ra8 Qxa8 29. Bxf6+ Rg7 30. Bxh4 Rg6 31. Qxc4 h6 32. Qe2 Kh7 33.
c4 Qa6 34. Rc1 Qa8 35. c5 bxc5 36. dxc5 1-0

[Event "Late-Titled-Tuesday-Blitz-April-16-2024"]
[Site "Chess.com"]
[Date "2024.04.16"]
[Round "2"]
[White "2L8IWUN"]
[Black "IsuruAlahakoon"]
[Result "0-1"]
[WhiteElo "2069"]
[BlackElo "2440"]
[TimeControl "180+1"]
[EndTime "14:17:07 PDT"]
[Termination "IsuruAlahakoon won on time"]

1. d4 d5 2. Nf3 Nf6 3. Bf4 c5 4. e3 Nc6 5. Nbd2 e6 6. c3 cxd4 7. exd4 Nh5 8. Bg5 f6 9. Be3 Bd6 10. Ne5 g6 11. Nxc6 bxc6 12. g3 O-O 13. Be2 Ng7 14. Bh6 e5 15. Bxg7 Kxg7 16. O-O e4 17. f3 f5 18. fxe4 dxe4 19. Nc4 Bc7 20. Ne3 Qg5 21. Ng2 Rb8 22. b3 Be6 23. Qc1 Qxc1 24.
Raxc1 g5 25. c4 f4 26. gxf4 gxf4 27. d5 Bh3 28. Rc3 Bxg2 29. Kxg2 f3+ 30. Bxf3 exf3+ 31. Rcxf3 Rxf3 32. Rxf3 cxd5 33. cxd5 Rf8 34. Rc3 Bb6 35. Rg3+ Kf6 36. Rh3 Ke5 37. Rxh7 Rf2+ 38. Kg3 Rxa2 39. Rh5+ Kd6 40. h4 Rb2 41. Rh8 Rxb3+ 42. Kf4 Kxd5 43. h5 Rh3 44. h6 Bd4 45. Rd8+ Kc4 46. Kg5 a5 0-1

[Event "Late-Titled-Tuesday-Blitz-April-16-2024"]
[Site "Chess.com"]
[Date "2024.04.16"]
[Round "2"]
[White "The_Straightforward_Rook"]
[Black "Fins0905"]
[Result "0-1"]
[WhiteElo "2422"]
[BlackElo "2771"]
[TimeControl "180+1"]
[EndTime "14:17:11 PDT"]
[Termination "Fins0905 won by resignation"]

1. e4 d5 2. exd5 Qxd5 3. Nc3 Qa5 4. g3 Nf6 5. Bg2 c6 6. Nge2 Bf5 7. b4 Qc7 8. O-O e6 9. b5 a6 10. bxc6 Nxc6 11. d3 Bd6 12. Rb1 O-O 13. Bg5 Rac8 14. Bxf6 gxf6 15. Qd2 Rfd8 16. Ne4 Be7 17. Qh6 Bg6 18. Nf4 f5 19. Nxg6 hxg6 20. Ng5 Bxg5 21. Qxg5 b5 22. h4 Qe7 23. Qxe7 Nxe7 24. Bb7 Rxc2 25.
Bxa6 Rxd3 26. Rxb5 Ra3 27. Rb7 Rxa6 28. Rxe7 Raxa2 29. Kg2 Kg7 30. Kf3 Kf6 31. Rb7 e5 32. Rb6+ Kg7 33.
Rb3 Re2 34. g4 fxg4+ 35. Kxg4 Rxf2 36. Rxf2 Rxf2 37. Rb7 e4 38. Re7 Kh6 39. Rxe4 f5+ 0-1

[Event "Late-Titled-Tuesday-Blitz-April-16-2024"]
[Site "Chess.com"]
[Date "2024.04.16"]
[Round "2"]
[White "wild3000"]
[Black "chess_sharparchitect"]
[Result "1-0"]
[WhiteElo "2487"]
[BlackElo "2232"]
[TimeControl "180+1"]
[EndTime "14:17:11 PDT"]
[Termination "wild3000 won by resignation"]

1. d4 Nf6 2. Nf3 d5 3. g3 c5 4. Bg2 Nc6 5. c3 e6 6. O-O b6 7. Nbd2 Bb7 8. Ne5 Nxe5 9. dxe5 Nd7 10. f4 Qc7 11. e4 O-O-O 12. exd5 exd5 13. Nb3 c4 14. Nd4 Nc5 15. b4 Nd3 16. Be3 Be7 17.
Nb5 Qd7 18. Nxa7+ Kb8 19. Bxb6 d4 20. cxd4 Bxg2 21. Kxg2 Rc8 22. b5 g5 23. fxg5 Bxg5 24.
Nxc8 Rxc8 25. Qf3 f6 26. exf6 Rf8 27. f7 Be7 28. a4 Bd6 29. Qd5 1-0

[Event "Late-Titled-Tuesday-Blitz-April-16-2024"]
[Site "Chess.com"]
[Date "2024.04.16"]
[Round "2"]
[White "LuckIsMySkill"]
[Black "ExchangeAB"]
[Result "1/2-1/2"]
[WhiteElo "2671"]
[BlackElo "2396"]
[TimeControl "180+1"]
[EndTime "14:17:12 PDT"]
[Termination "Game drawn by repetition"]

1. Nf3 d5 2. c4 c6 3. e3 Nf6 4. b4 Bg4 5. b5 e5 6. bxc6 bxc6 7.
cxd5 cxd5 8. Qa4+ Bd7 9. Bb5 Bd6 10. Ba3 Qe7 11. Bxd6 Qxd6 12. d4 exd4 13. Nxd4 O-O 14. Qa3 Qb6 15. Nc3 Bxb5 16. Ncxb5 Nc6 17. O-O Nxd4 18.
Nxd4 Rab8 19. Rac1 Rfc8 20. h3 g6 21. Qe7 Ne4 22. Nf3 Rxc1 23. Rxc1 Qb2 24. Rf1 Qxa2 25. Ne5 Rf8 26. f3 Ng3 27. Nd7 Ra8 28. Rf2 Qb1+ 29.
Kh2 Nf1+ 30. Rxf1 Qxf1 31. Nf6+ Kg7 32. Qe5 Qc4 33. Nh5+ Kf8 34. Qh8+ Ke7 35. Qxa8 gxh5 36. Qxa7+ Kf6 37. Qb6+ Kg7 38. Qd4+ Qxd4 39. exd4 h4 40. Kg1 Kf6 41. Kf2 Kf5 42. Ke3 f6 43. Ke2 Kf4 44. Kf2 f5 45. Ke2 Kg3 46. Kf1 f4 47. Kg1 h6 48. Kf1 Kh2 49. Kf2 Kh1 50. Kf1 Kh2 51.
Kf2 Kh1 52. Kf1 Kh2 1/2-1/2

[Event "Late-Titled-Tuesday-Blitz-April-16-2024"]
[Site "Chess.com"]
[Date "2024.04.16"]
[Round "2"]
[White "Fjal"]
[Black "venturov"]
[Result "1/2-1/2"]
[WhiteElo "2321"]
[BlackElo "2518"]
[TimeControl "180+1"]
[EndTime "14:17:12 PDT"]
[Termination "Game drawn - insufficient material"]

1. Nf3 g6 2. g3 Bg7 3. Bg2 e5 4.
O-O Ne7 5. c4 d5 6. d4 e4 7.
Nfd2 c6 8. Nb3 O-O 9. cxd5 cxd5 10. Nc3 Nbc6 11. Bf4 a6 12. Qd2 Nf5 13. Rac1 Nfxd4 14. Nxd4 Nxd4 15. e3 Nf3+ 16. Bxf3 exf3 17. Qxd5 Qxd5 18. Nxd5 Bh3 19. Rfd1 Bxb2 20. Rb1 Bg7 21. Rxb7 Rfd8 22.
e4 f5 23. Bg5 Rdb8 24. Rxb8+ Rxb8 25. exf5 Bxf5 26. Ne7+ Kf7 27. Nxf5 gxf5 28. h4 Rb2 29. a4 Ra2 30. Rd7+ Kg6 31. Rd6+ Kh5 32. Rxa6 Bd4 33. Be3 Bxe3 34. fxe3 Kg4 35. Ra7 Kxg3 36. Rg7+ Kh3 37. Rxh7 Rxa4 38. Kf2 Rxh4 39. Rxh4+ Kxh4 40. Kxf3 Kg5 41. e4 fxe4+ 42. Kxe4 1/2-1/2

[Event "Late-Titled-Tuesday-Blitz-April-16-2024"]
[Site "Chess.com"]
[Date "2024.04.16"]
[Round "2"]
[White "Road2GM3000"]
[Black "TiagoMangialardo"]
[Result "1-0"]
[WhiteElo "2441"]
[BlackElo "2074"]
[TimeControl "180+1"]
[EndTime "14:17:12 PDT"]
[Termination "Road2GM3000 won by resignation"]

1. d4 Nf6 2. c4 c5 3. d5 g6 4. Nc3 d6 5. e3 Bg7 6. Nf3 O-O 7. Bd3 e6 8. O-O exd5 9. cxd5 a6 10. a4 Bg4 11. h3 Bxf3 12. Qxf3 Nbd7 13. Qg3 Ne5 14. Bc2 Nh5 15. Qh2 Nc4 16. e4 Be5 17. Qh1 Bd4 18. Ne2 Be5 19. f4 Bd4+ 20. Nxd4 Ng3 21.
Qh2 Nxf1 22. Kxf1 cxd4 23. Qg3 b5 24. b3 Ne3+ 25. Bxe3 dxe3 26. Qxe3 Rc8 27. Bd3 Qf6 28. Rd1 Rc3 29. axb5 axb5 30. b4 Ra8 31. e5 dxe5 32. Qxe5 Qxe5 33. fxe5 Rd8 34. Bxb5 Rb3 35. e6 fxe6 36.
dxe6 Rd4 37. Ke2 Rxd1 38. Kxd1 Kf8 39. Bd7 Rxb4 40. Ke2 Ke7 41. Kf3 Rb3+ 42. Kf4 Rb5 43. Bxb5 Kxe6 44. Kg5 Kf7 45. Kh6 Kg8 46. Bc4+ Kh8 47. h4 g5 48. Kxg5 Kg7 49. g4 Kh8 50. Bd3 Kg7 51. Bxh7 Kxh7 52. Kf5 Kg7 53. h5 Kf7 54. g5 Kg7 55. g6 Kg8 56. h6 Kh8 57. Kf6 Kg8 58. g7 Kh7 59. Kf7 1-0

[Event "Late-Titled-Tuesday-Blitz-April-16-2024"]
[Site "Chess.com"]
[Date "2024.04.16"]
[Round "2"]
[White "TigrVShlyape"]
[Black "HajiyevKanan"]
[Result "1-0"]
[WhiteElo "2943"]
[BlackElo "2606"]
[TimeControl "180+1"]
[EndTime "14:17:13 PDT"]
[Termination "TigrVShlyape won by resignation"]

1. e4 c6 2. d4 d5 3. exd5 cxd5 4. Bd3 Nc6 5. c3 Nf6 6. Nf3 g6 7. O-O Bg7 8. Bf4 O-O 9. Re1 Nh5 10. Bg5 h6 11. Bd2 Qc7 12. Na3 a6 13. Nc2 Re8 14. Ne3 Nf4 15. Bf1 Qd6 16. Qb3 Rb8 17. g3 Nh3+ 18.
Bxh3 Bxh3 19. Qxd5 Qf6 20. Qe4 e5 21. d5 Nd4 22.
cxd4 exd4 23. Qf4 dxe3 24. Qxf6 exf2+ 25. Kxf2 Bxf6 26. Rxe8+ Rxe8 27. Bxh6 Rd8 28. Bg5 Rxd5 29. Bxf6 Rf5 30. Bg5 Bg4 31. Bf4 Bxf3 32. Kxf3 g5 33. Kg4 Rb5 34. Bxg5 Rxb2 35. h4 Kg7 36. h5 Rb4+ 37.
Bf4 b5 38. Rd1 Rb2 39. a4 Rb4 40. axb5 axb5 41. Kf5 Rc4 42. Be5+ Kh6 43. Rd8 f6 44. Bxf6 Rc5+ 45. Be5 1-0

[Event "Late-Titled-Tuesday-Blitz-April-16-2024"]
[Site "Chess.com"]
[Date "2024.04.16"]
[Round "2"]
[White "mbojan"]
[Black "Zavgorodniy_Sergiy"]
[Result "1-0"]
[WhiteElo "2970"]
[BlackElo "2616"]
[TimeControl "180+1"]
[EndTime "14:17:14 PDT"]
[Termination "mbojan won on time"]

1. g3 c5 2. Bg2 Nc6 3. d3 g6 4.
Bd2 Bg7 5. Qc1 h5 6. h4 e6 7.
c4 Nge7 8. Nc3 d6 9. Nf3 Nf5 10. Ng5 Qd7 11. a3 b6 12. b4 Bb7 13. bxc5 dxc5 14.
Qd1 Ne5 15. Nge4 Nd4 16. O-O O-O 17. Bh6 Qe7 18. Bg5 f6 19. Bf4 Nec6 20. Bd6 Qd7 21. Bxf8 Rxf8 22. e3 Nf5 23. Qe2 Rd8 24. Rad1 Kh7 25.
Nb5 Qe7 26. Nbc3 Ne5 27. Rd2 Bc6 28. Rfd1 Qb7 29. d4 cxd4 30. exd4 Ng4 31. d5 exd5 32. cxd5 Bd7 33. d6 Bc6 34. Nd5 Qf7 35. Ne7 Bd7 36.
Nxf5 Bxf5 37. Nc3 Bh6 38. Qe7 Qxe7 39. dxe7 Re8 40. Re2 Ne5 41. f4 Bg4 42. fxe5 Bxe2 43. exf6 Be3+ 44. Kh2 Bxd1 45. f7 Ba4 46. f8=Q 1-0

[Event "Late-Titled-Tuesday-Blitz-April-16-2024"]
[Site "Chess.com"]
[Date "2024.04.16"]
[Round "2"]
[White "Binary010"]
[Black "ACollins05"]
[Result "1-0"]
[WhiteElo "2780"]
[BlackElo "2511"]
[TimeControl "180+1"]
[EndTime "14:17:14 PDT"]
[Termination "Binary010 won by checkmate"]

1. e4 a6 2. d4 b5 3. c4 Bb7 4.
Qc2 bxc4 5. Bxc4 e6 6. Nf3 Bxe4 7. Qxe4 d5 8. Bxd5 Qxd5 9. Qxd5 exd5 10. O-O Bd6 11.
Re1+ Ne7 12. Nc3 O-O 13. Bg5 f6 14. Bh4 Nd7 15. Bg3 Nc8 16. Nxd5 Rb8 17. b3 c6 18. Bxd6 Nxd6 19. Ne7+ Kh8 20. Nxc6 Rb6 21. Rac1 Nb5 22. Re7 Nb8 23. Nxb8 Rbxb8 24. Kf1 Rfd8 25. Rc4 Nd6 26.
Rcc7 Nb5 27. Rcd7 Rxd7 28. Rxd7 Nc3 29. a4 h6 30. Nd2 Na2 31. d5 Nc1 32. d6 Nxb3 33.
Nxb3 Rxb3 34. Ra7 Rd3 35. Rxa6 Kg8 36. a5 Kf7 37. Rb6 Ke6 38. a6 Ra3 39. g3 h5 40. h4 g5 41. hxg5 fxg5 42. Kg2 h4 43.
gxh4 gxh4 44. f4 Kf5 45. d7 Rd3 46. a7 Kg4 47. a8=Q Rd2+ 48. Kf1 h3 49. d8=Q h2 50. Qxd2 h1=Q+ 51. Qxh1 Kf5 52. Qh5+ Ke4 53. Re6# 1-0

[Event "Late-Titled-Tuesday-Blitz-April-16-2024"]
[Site "Chess.com"]
[Date "2024.04.16"]
[Round "2"]
[White "Firouzja2003"]
[Black "manitodeplomo"]
[Result "1-0"]
[WhiteElo "3037"]
[BlackElo "2638"]
[TimeControl "180+1"]
[EndTime "14:17:15 PDT"]
[Termination "Firouzja2003 won on time"]

1. e4 Nf6 2. e5 Nd5 3. d4 d6 4. Nf3 Bg4 5. h3 Bxf3 6. Qxf3 dxe5 7.
dxe5 Nc6 8. Qe4 e6 9. Bc4 Nb6 10.
Bb5 Qd5 11. Nc3 Qxe4+ 12. Nxe4 O-O-O 13. Bxc6 bxc6 14. Ke2 Be7 15. Be3 Nc4 16. Bxa7 Nxe5 17. a4 f5 18. Nc5 Bxc5 19. Bxc5 Rd5 20. b4 Rhd8 21. Rhd1 Nc4 22. a5 Rxd1 23. Rxd1 Rxd1 24. Kxd1 Kb7 25. Ke2 Ka6 26. Kd3 Kb5 27. a6 Nb2+ 28. Kd4 Kxa6 29. Ke5 Na4 30. Bf8 Nc3 31. Bxg7 Nd1 32.
Kxe6 Nxf2 33. Kxf5 Kb5 34. c3 c5 35. bxc5 Nd3 36. Bd4 Nxc5 37. g4 Nd7 38. g5 c5 39.
Bf6 Kc4 40. h4 Kd5 41. h5 Nf8 42. g6 hxg6+ 43. hxg6 1-0

[Event "Late-Titled-Tuesday-Blitz-April-16-2024"]
[Site "Chess.com"]
[Date "2024.04.16"]
[Round "2"]
[White "hristos03"]
[Black "XiaoKangZhong"]
[Result "0-1"]
[WhiteElo "2350"]
[BlackElo "2542"]
[TimeControl "180+1"]
[EndTime "14:17:16 PDT"]
[Termination "XiaoKangZhong won by checkmate"]

1. Nf3 Nf6 2. g3 d5 3. c4 dxc4 4. Bg2 e6 5. a4 Nc6 6. O-O Na5 7. Qc2 Qd5 8. Nc3 Qh5 9. Rd1 Bd6 10. d3 Nb3 11. Rb1 Nxc1 12. Rbxc1 cxd3 13. Qxd3 a6 14. Ne4 Nxe4 15. Qxe4 O-O 16. h4 Rb8 17. Ng5 Bd7 18. Bf3 Qg6 19. Qe3 Bxa4 20. b3 Bb5 21. Be4 f5 22. Bb1 Rbe8 23. b4 h6 24. Nf3 e5 25.
Qb3+ Kh8 26. Kf1 Qg4 27. Kg2 Bc6 28. Rxc6 bxc6 29. Rc1 e4 30. Nh2 Qg6 31. Qc3 e3 32.
f4 Bxf4 33. Nf1 Qg4 34. Qxc6 Qxe2+ 35. Kg1 Qf2+ 36. Kh1 Bxg3 37. Rc2 Qxf1# 0-1

[Event "Late-Titled-Tuesday-Blitz-April-16-2024"]
[Site "Chess.com"]
[Date "2024.04.16"]
[Round "2"]
[White "Schattman"]
[Black "ckgchess"]
[Result "0-1"]
[WhiteElo "2477"]
[BlackElo "2920"]
[TimeControl "180+1"]
[EndTime "14:17:17 PDT"]
[Termination "ckgchess won on time"]

1. d4 Nf6 2. Bf4 d5 3. e3 c5 4. c3 Nc6 5. Nd2 Bf5 6. Qb3 Qd7 7. Ngf3 c4 8. Qd1 e6 9. h3 h6 10. Ne5 Nxe5 11. Bxe5 Be7 12. Be2 b5 13. b3 O-O 14. O-O a5 15. a4 b4 16. bxc4 bxc3 17. Nf3 dxc4 18. Bxc4 Rfc8 19. Bb5 Qd5 20. Bxf6 Bxf6 21.
Qe2 Be7 22. Bd3 Bxd3 23. Qxd3 Rc7 24. Rfc1 Rac8 25. Rc2 Bd6 26. e4 Qb3 27. Ne1 Bb4 28. g4 Rd8 29. Qe3 Rcd7 30. Rd1 Qxa4 31. Kg2 Qb3 32. g5 hxg5 33. Qxg5 Rxd4 34. Rxd4 Rxd4 35. Nf3 Qxc2 36. Nxd4 Qxe4+ 37. Nf3 c2 38. Qd8+ Bf8 39.
Qc8 g5 40. Qc7 a4 41. Qc3 a3 42. Qxa3 Bxa3 0-1

[Event "Late-Titled-Tuesday-Blitz-April-16-2024"]
[Site "Chess.com"]
[Date "2024.04.16"]
[Round "2"]
[White "Rutricks"]
[Black "CURRUTACO59"]
[Result "1-0"]
[WhiteElo "2695"]
[BlackElo "2166"]
[TimeControl "180+1"]
[EndTime "14:17:19 PDT"]
[Termination "Rutricks won on time"]

1. Nc3 d5 2. d4 Nf6 3. Bf4 a6 4. f3 b5 5. Qd2 e6 6. e3 Bb7 7.
h4 c5 8. h5 h6 9. g4 Nc6 10.
Bg2 Qb6 11. Nge2 Na5 12. b3 Nc6 13. a3 cxd4 14. exd4 Rc8 15. O-O e5 16. Be3 exd4 17.
Nxd4 Bc5 18. Nce2 Nxd4 19. Nxd4 Qc7 20. Nf5 Bxe3+ 21. Qxe3+ Kf8 22. Rfe1 Rd8 23. Rad1 Kg8 24. Qd4 Rd7 25. Re2 Kh7 26. Rde1 Rhd8 27. g5 hxg5 28. h6 1-0

[Event "Late-Titled-Tuesday-Blitz-April-16-2024"]
[Site "Chess.com"]
[Date "2024.04.16"]
[Round "2"]
[White "AdrianaPalao"]
[Black "kinga2008"]
[Result "1-0"]
[WhiteElo "2003"]
[BlackElo "2413"]
[TimeControl "180+1"]
[EndTime "14:17:19 PDT"]
[Termination "AdrianaPalao won by resignation"]

1. d4 d5 2. Bf4 c5 3. Nf3 Nc6 4.
e3 Bf5 5. c3 Nf6 6. Nbd2 e6 7.
Be2 Bd6 8. Bg3 Ne4 9. Nxe4 Bxe4 10. Bd3 f5 11. dxc5 Bxg3 12. hxg3 Qe7 13. Bxe4 dxe4 14. Nd4 Ne5 15. Qa4+ Kf7 16. O-O h5 17. Qb3 Kf6 18. f3 exf3 19. Nxf3 Qxc5 20. Nd4 Qe7 21. e4 h4 22. exf5 hxg3 23. fxe6+ Kg5 24. Rf5+ Kg6 25.
Qc2 Rh1+ 26. Kxh1 Qh4+ 27. Kg1 Qh2+ 28. Kf1 Qh1+ 29. Ke2 Qxg2+ 30. Kd1 Qxc2+ 31. Kxc2 Rd8 32. Rxe5 g2 33. Rg1 Kf6 1-0

[Event "Late-Titled-Tuesday-Blitz-April-16-2024"]
[Site "Chess.com"]
[Date "2024.04.16"]
[Round "2"]
[White "Levanzovsky"]
[Black "Nechitaylo_Nikita"]
[Result "0-1"]
[WhiteElo "2492"]
[BlackElo "2300"]
[TimeControl "180+1"]
[EndTime "14:17:20 PDT"]
[Termination "Nechitaylo_Nikita won by checkmate"]

1. e4 c5 2. Nf3 d6 3. d4 cxd4 4.
Qxd4 Nc6 5. Qd3 Nf6 6. Nc3 g6 7.
Be2 Bg7 8. O-O O-O 9. Nd5 Nxd5 10. exd5 Bf5 11. Qc4 Ne5 12. Nxe5 Bxe5 13. f4 Qb6+ 14. Kh1 Rac8 15. Qb3 Rxc2 16. Bd1 Bxb2 17. Bxc2 Qxb3 18. axb3 Bxa1 19. Bxf5 gxf5 20. Be3 Bb2 21. Bxa7 Ra8 22. Bf2 Ra3 23. Re1 Kf8 24. Bh4 f6 25. h3 Rxb3 26. Bf2 Rb4 27. Rb1 b5 28. Be1 Rb3 29. g3 Re3 30.
Bf2 Re2 31. Kg2 Bd4 32. Kf3 Rxf2# 0-1

[Event "Late-Titled-Tuesday-Blitz-April-16-2024"]
[Site "Chess.com"]
[Date "2024.04.16"]
[Round "2"]
[White "WindWhistler11"]
[Black "Yushko_Olga"]
[Result "1/2-1/2"]
[WhiteElo "2501"]
[BlackElo "2301"]
[TimeControl "180+1"]
[EndTime "14:17:25 PDT"]
[Termination "Game drawn by repetition"]

1. Nf3 Nf6 2. g3 e6 3. Bg2 d5 4. c4 Be7 5. O-O O-O 6. b3 c6 7.
Bb2 b6 8. e3 Bb7 9. Nc3 Nbd7 10. Ne2 Rc8 11. d3 Re8 12. Qc2 c5 13. Nf4 Bf8 14. a3 e5 15. Nxd5 Nxd5 16. cxd5 Bxd5 17. e4 Bb7 18. Nh4 f6 19. Bh3 Rc7 20. f4 Ba6 21. Rad1 exf4 22. gxf4 Nb8 23. Rf3 Nc6 24. Nf5 Nd4 25.
Bxd4 cxd4 26. Qg2 Bc8 27. Kh1 g6 28. Rg1 Bxa3 29. Nh6+ Kg7 30. Bxc8 Qxc8 31. f5 Rc1 32. Rff1 Rxf1 33. Rxf1 Kxh6 34. fxg6 hxg6 35. Rxf6 Qc1+ 36. Rf1 Qg5 37. Qh3+ Qh5 38. Qd7 Re7 39. Qxd4 Bc5 40. Qh8+ Rh7 41. Qf6 Be7 42. Qf4+ Bg5 43. Qf8+ Rg7 44.
Qh8+ Rh7 45. Qf8+ Rg7 46. Qh8+ Rh7 47. Qf8+ 1/2-1/2

[Event "Late-Titled-Tuesday-Blitz-April-16-2024"]
[Site "Chess.com"]
[Date "2024.04.16"]
[Round "2"]
[White "Slovineanu"]
[Black "Navyblue1"]
[Result "1-0"]
[WhiteElo "2494"]
[BlackElo "2245"]
[TimeControl "180+1"]
[EndTime "14:17:26 PDT"]
[Termination "Slovineanu won by resignation"]

1. d4 Nf6 2. Nf3 g6 3. Nbd2 d5 4. e3 Bg7 5. b4 Ne4 6. c4 Nxd2 7. Qxd2 dxc4 8. Bxc4 O-O 9. O-O a5 10. b5 e5 11. dxe5 Qxd2 12. Bxd2 Bg4 13. Bc3 Nd7 14. Rfd1 Nb6 15. Be2 Rae8 16. h3 Bxf3 17. Bxf3 Bxe5 18. Rac1 Bxc3 19. Rxc3 Re5 20. Rxc7 Rxb5 21.
Rxb7 Rb4 22. a3 Rb2 23. Rd6 Nc4 24. Rxb2 Nxb2 25. Ra6 Nc4 26. a4 Rd8 27. Be2 Rc8 28. Bxc4 Rxc4 29. Rxa5 Rc1+ 30. Kh2 Rc2 31. f3 Ra2 32. e4 h5 33. h4 Kg7 34. Ra7 Ra1 35. a5 Ra2 36. a6 Ra3 37. e5 Ra4 38. Kg3 Ra3 39. e6 Kf8 40. Rxf7+ Ke8 41. a7 Ra6 42. Rh7 1-0